 Dungeon Crawl Stone Soup version 0.31-a0-774-g0d66cbabe8 (webtiles) character file.

Game seed: 17003051004494619265

882 thriggle the Stinger (level 8, 0/66 HPs)
             Began as a Formicid Venom Mage on Sept 17, 2023.
             Was an Elder of Ignis.
             Slain by a human
             ... wielding a +0 war axe
              (10 damage)
             ... in a bailey.
             The game lasted 00:26:10 (4573 turns).

thriggle the Stinger (Formicid Venom Mage)          Turns: 4573, Time: 00:26:11

Health: 0/66       AC: 16    Str: 12    XL:     8   Next: 25%
Magic:  13/13      EV: 11    Int: 18    God:    Ignis [****..]
Gold:   386        SH:  0    Dex: 14    Spells: 4/13 levels left

rFire   + . .        f - +1 rapier
rCold   . . .        (no shield)
rNeg    . . .        i - +1 ring mail
rPois   .            (helmet unavailable)
rElec   .            (no cloak)
rCorr   .            m - +2 pair of gloves
SInv    +            (no boots)
Will    .....        t - amulet of magic regeneration
Stlth   ++           (no ring)
HPRegen 1.11/turn    (no ring)
MPRegen 0.53/turn

%: no passive effects
@: fiery-armoured
A: permanent stasis, dig shafts and tunnels, antennae 3, four strong arms,
regeneration 1, robust 1, no potion heal 1
a: Dig, Renounce Religion, Fiery Armour, Foxfire Swarm, Rising Flame


You were in a bailey.
You worshipped Ignis.
Ignis was greatly pleased with you.
You visited 1 branch of the dungeon, and saw 6 of its levels.
You also visited: Bailey.

You collected 386 gold pieces.

Inventory:

Hand Weapons
 c - a +2 flail of draining
 d - a +0 dagger
 f - a +1 rapier (weapon)
Missiles
 e - 68 stones
 h - 2 atropa-tipped darts
 o - 5 poisoned darts
 q - 6 boomerangs
Armour
 a - a +1 robe
 i - a +1 ring mail (worn)
 m - a +2 pair of gloves (worn)
 n - a +1 pair of gloves
 p - the +5 chain mail "Emeuqah" {rElec}
   (You found it on level 8 of the Dungeon)

   rElec:     It insulates you from electricity.
Magical Staves
 u - a staff of earth
Jewellery
 t - an amulet of magic regeneration (around neck)
Wands
 s - a wand of iceblast (9)
 w - a wand of polymorph (2)
 x - a wand of light (13)
Scrolls
 g - a scroll of vulnerability
 k - a scroll of blinking
Potions
 b - 2 potions of magic
 j - a potion of invisibility
 l - 2 potions of attraction
 r - a potion of lignification


   Skills:
 * Level 3.8 Fighting
 + Level 2.4 Short Blades
 + Level 2.6 Armour
 + Level 3.1 Dodging
 + Level 4.2 Stealth
 + Level 3.4 Spellcasting
 - Level 2.2 Conjurations
 - Level 2.7 Transmutations
 - Level 1.0 Air Magic
 + Level 5.4 Poison Magic


You had 4 spell levels left.
You knew the following spells:

 Your Spells              Type           Power      Damage    Failure   Level
a - Sting                 Tmut/Pois      68%        1d6       6%          1
b - Poisonous Vapours     Pois/Air       28%        N/A       14%         2
c - Magic Dart            Conj           44%        1d5       14%         1
d - Mephitic Cloud        Conj/Pois/Air  13%        N/A       30%         3
e - Searing Ray           Conj           22%        2d5       21%         2

Your spell library contained the following spells:

 Spells                   Type           Power      Damage    Failure   Level
 Wereblood                Tmut           12%        N/A       17%         2
 Apportation              Tloc           6%         N/A       34%         1
 Olgreb's Toxic Radiance  Pois           22%        N/A       36%         4
 Jinxbite                 Hex            6%         N/A       45%         2
 Sublimation of Blood     Necr           3%         N/A       45%         2
 Volatile Blastmotes      Fire/Tloc      6%         2d10      71%         3
 Fulminant Prism          Conj/Hex       3%         3d5       91%         4
 Iskenderun's Mystic Bla  Conj/Tloc      7%         2d4       91%         4
 Alistair's Intoxication  Tmut/Pois      11%        N/A       87%         5
 Summon Hydra             Summ           1%         N/A       100%        7


Dungeon Overview and Level Annotations

Branches:
Dungeon (8/15)             Temple (0/1) D:5          Bailey (1/1)
   Lair: D:8-11

Altars:
Hepliaklqana
Uskayaw
Vehumet
Ignis

Shops:
D:4 [


Innate Abilities, Weirdness & Mutations

You cannot be hasted, slowed, berserked, paralysed or teleported.
You can dig through walls and to a lower floor.
You have a pair of large antennae on your head. (SInv)
Your four strong arms can wield two-handed weapons with a shield.
Your natural rate of healing is unusually fast.
You are robust. (+10% HP)
Potions are less effective at restoring your health.


Message History

The goblin closely misses you.
A hobgoblin comes into view. It is wielding a +0 hand axe.
The bullfrog misses you.
The hobgoblin shouts!
You hit the human but do no damage.
The human is lightly wounded.
The human hits you but does no damage.
The bullfrog hits you but does no damage.
The bullfrog is burned by your cloak of flames.
The bullfrog is moderately wounded.
Okay, then.
Casting: Poisonous Vapours (safe; 14% risk of failure)
Confirm with . or Enter, or press ? or * to list all spells.
Aiming: Poisonous Vapours (safe; 14% risk of failure)
Press: ? - help, Dir - move target, f - gnoll
Aim: a gnoll, wielding a +0 hand axe and wearing a +0 leather armour (moderately wounded, unable to see you)
Okay, then.
Casting: Poisonous Vapours (safe; 14% risk of failure)
Confirm with . or Enter, or press ? or * to list all spells.
Aiming: Poisonous Vapours (safe; 14% risk of failure)
Press: ? - help, Dir - move target, f - human
Aim: a human, wielding a +0 war axe and wearing a +0 ring mail (lightly wounded, unable to see you) Poisonous vapours surround the human!
The human is poisoned.
You flicker for a moment.
The bullfrog closely misses you. The gnoll hits you but does no damage.
The gnoll is burned by your cloak of flames.
The gnoll is moderately wounded.
The bullfrog hits you!
* * * LOW HITPOINT WARNING * * *
The bullfrog is burned by your cloak of flames.
The bullfrog is heavily wounded.
The gnoll closely misses you.
There is a broken door here.
Casting: Poisonous Vapours (safe; 14% risk of failure)
Confirm with . or Enter, or press ? or * to list all spells.
Okay, then.
Your cloak of flame flares fiercely!
You flicker back into view.
The human looks more healthy.
The human hits you with a +0 war axe!
You die...

,,#####
#####,......
##p..##......
#..Fg.'.{g.#
#...pp######
#..∩.g@~~~#
##...##~~~~#
#####~~~~~'..
~~~~#.. ~~~##
. ####


You could see 3 humans, a bullfrog, a gnoll and a goblin.

Vanquished Creatures
  A sky beast (D:8)
  An ogre (D:5)
  A phantom (D:5)
  A scorpion (D:4)
  4 bullfrogs
  2 hounds (D:5)
  A sleepcap (D:5)
  An orc wizard (D:4)
  8 adders
  An ufetubus (D:3)
  A worm (D:3)
  A dart slug (D:1)
  15 orcs
  4 endoplasms
  3 giant cockroaches (D:1)
  13 goblins
  8 hobgoblins
  6 jackals
  7 kobolds
  4 quokkas
  9 ball pythons
  6 bats
  4 frilled lizards
  5 rats
  A spectral hobgoblin (D:8)
108 creatures vanquished.

Vanquished Creatures (others)
  10 foxfires (Bailey)
10 creatures vanquished.

Grand Total: 118 creatures vanquished

Notes
Turn   | Place    | Note
-------+----------+-------------------------------------------
     0 | D:1      | thriggle the Formicid Venom Mage began the quest for the
                  | Orb.
     0 | D:1      | Reached XP level 1. HP: 13/13 MP: 3/3
   110 | D:1      | Reached XP level 2. HP: 16/19 MP: 5/5
   156 | D:1      | Learned a level 2 spell: Poisonous Vapours
   412 | D:1      | Reached XP level 3. HP: 18/25 MP: 4/6
   479 | D:1      | Learned a level 1 spell: Magic Dart
   813 | D:1      | Reached skill level 1 in Fighting
   891 | D:1      | Found a faded altar of an unknown god.
   897 | D:1      | Prayed at the altar of an unknown god.
   897 | D:1      | Became a worshipper of Ignis, the Dying Flame
  1393 | D:2      | Reached XP level 4. HP: 19/32 MP: 2/7
  1581 | D:2      | Reached skill level 1 in Armour
  1681 | D:2      | Learned a level 3 spell: Mephitic Cloud
  2181 | D:3      | Reached XP level 5. HP: 37/37 MP: 8/8
  2187 | D:3      | Learned a level 2 spell: Searing Ray
  2293 | D:3      | Reached skill level 1 in Short Blades
  2293 | D:3      | Reached skill level 1 in Conjurations
  2519 | D:3      | Found a hide-covered altar of Uskayaw.
  2725 | D:4      | Gained mutation: You are frail. (-10% HP) [potion of
                  | mutation]
  2725 | D:4      | Gained mutation: You occasionally lose the ability to drink
                  | potions when taking damage. [potion of mutation]
  2726 | D:4      | Lost mutation: You are frail. (-10% HP) [potion of
                  | mutation]
  2726 | D:4      | Lost mutation: You occasionally lose the ability to drink
                  | potions when taking damage. [potion of mutation]
  2726 | D:4      | Gained mutation: Potions are less effective at restoring
                  | your health. [potion of mutation]
  2726 | D:4      | Gained mutation: You are robust. (+10% HP) [potion of
                  | mutation]
  2726 | D:4      | Gained mutation: Your natural rate of healing is unusually
                  | fast. [potion of mutation]
  2813 | D:4      | Found Fawiviluku's Armour Emporium.
  3062 | D:4      | Reached XP level 6. HP: 39/44 MP: 2/9
  3067 | D:4      | Found a radiant altar of Vehumet.
  3813 | D:5      | Entered Level 5 of the Dungeon
  3813 | D:5      | Found a staircase to the Ecumenical Temple.
  3958 | D:5      | Noticed an ogre
  3973 | D:5      | Killed an ogre
  3974 | D:5      | Reached skill level 1 in Air Magic
  3974 | D:5      | Reached XP level 7. HP: 46/56 MP: 1/11
  4031 | D:5      | Reached skill level 5 in Poison Magic
  4159 | D:5      | You fall into a shaft and drop 3 floors!
  4161 | D:8      | Identified the +5 chain mail "Emeuqah" {rElec}
  4448 | D:8      | Found a hazy altar of Hepliaklqana.
  4478 | D:8      | Reached XP level 8. HP: 58/63 MP: 12/12
  4495 | D:8      | Found a flagged portal.
  4509 | Bailey   | Entered a bailey
  4536 | Bailey   | Noticed a human
  4536 | Bailey   | Noticed a human
  4550 | Bailey   | Noticed a human
  4573 | Bailey   | Slain by a human

Illustrated notes

Levels and vault maps discovered:
D:1:      lightli_arrival_statue_moat, layout_loops_ring,
          shapermc_ecumenical_altar_mp_highgroup,
          hangedman_abyss_or_decor_lesser_grid
D:2:      layout_loops_ring
D:3:      layout_basic, eat_drink_and_be_merry_uskayaw, nicolae_eternal_life
D:4:      layout_loops_cross, mainiacjoe_overflow_brackets, serial_shops,
          nicolae_shop_behind_doors
D:5:      layout_rooms, minmay_temple_entry_mist
D:8:      layout_basic, nicolae_hepliaklqana_monster_ancestors, enter_bailey_5
Bailey:   bailey_axe_froggy_fort_hellmonk, bailey

Skill      XL: |  1  2  3  4  5  6  7 |
---------------+----------------------+-----
Dodging        | 2 3 |  3.1
Fighting       | 1 2 3 |  3.8
Armour         | 1 2 |  2.6
Stealth        | 3 4 |  4.2
Short Blades   | 1 2 |  2.4
Conjurations   | 1 2 |  2.2
Transmutations | 2 |  2.7
Air Magic      | 1 |  1.0
Spellcasting   | 3 |  3.4
Poison Magic   | 5 |  5.4

Action                     |  1- 3 |  4- 6 |  7- 9 || total
---------------------------+-------+-------+-------++-------
  Melee: Unarmed           |    12 |       |       ||    12
         Dagger            |    96 |    23 |       ||   119
         Rapier            |       |   140 |   109 ||   249
         Punch             |       |     3 |       ||     3
   Cast: Sting             |    17 |     9 |     2 ||    28
         Poisonous Vapours |    12 |    22 |     6 ||    40
         Magic Dart        |    11 |    28 |     5 ||    44
         Searing Ray       |       |     3 |       ||     3
         Mephitic Cloud    |       |     1 |     1 ||     2
 Invoke: Fiery Armour      |       |       |     2 ||     2
         Foxfire Swarm     |       |       |     1 ||     1
Ability: Shaft Self        |       |       |     1 ||     1
    Use: Scroll            |     1 |     7 |     3 ||    11
         Potion            |       |     7 |     2 ||     9
   Stab: Sleeping          |     8 |    10 |       ||    18
         Confused          |       |       |     1 ||     1
 Armour: Robe              |    72 |   113 |    23 ||   208
         Skin              |       |    38 |     1 ||    39
         Chain mail        |       |       |    76 ||    76
         Ring mail         |       |       |    41 ||    41
  Dodge: Dodged            |    75 |   118 |    89 ||   282

Table legend: (Time is in decaauts)
 A = Elapsed time spent in this place.
 B = Non-inter-level travel time spent in this place.
 C = Inter-level travel time spent in this place.
 D = Time resting spent in this place.
 E = Time spent auto-exploring this place.
 F = Levels seen in this place.
 G = Mean time per level.
                   A        B        C        D        E       F      G
               +--------+--------+--------+--------+--------+-----+--------+
         Total |   4599 |   4516 |     83 |    185 |   2651 |   7 |  657.0 |
       Dungeon |   4533 |   4450 |     83 |    185 |   2651 |   6 |  755.5 |
        Bailey |     65 |     65 |      0 |      0 |      0 |   1 |   65.0 |
               +--------+--------+--------+--------+--------+-----+--------+

Top non-repeatable levels by time:
     D:1: 1231 daAuts
     D:4: 1077 daAuts
     D:2: 909 daAuts
     D:3: 607 daAuts
     D:8: 355 daAuts
     D:5: 353 daAuts
  Bailey: 65 daAuts
